 Dungeon Crawl Stone Soup version 0.21.0 (webtiles) character file.

312 8fpsbossfight the Cudgeler (level 6, 38/51 HPs)
             Began as a Minotaur Abyssal Knight on Jan 7, 2018.
             Was a Believer of Lugonu.
             Quit the game on level 4 of the Dungeon.
             The game lasted 00:06:21 (3418 turns).

8fpsbossfight the Cudgeler (MiAK)                   Turns: 3418, Time: 00:06:22

Health: 38/51      AC:  6    Str: 18    XL:     6   Next: 18%
Magic:  6/6        EV: 11    Int:  9    God:    Lugonu [**....]
Gold:   248        SH:  5    Dex: 10    Spells: 5/5 levels left

rFire    . . .     SeeInvis .   o - -3 hunting sling (curse)
rCold    . . .     Gourm    .   l - +1 buckler
rNeg     . . .     Faith    .   b - +0 leather armour
rPois    .         Spirit   .   (helmet restricted)
rElec    .         Reflect  .   (no cloak)
rCorr    .         Harm     .   (no gloves)
MR       .....                  f - +2 pair of boots
Stlth    +.........             (no amulet)
HPRegen  0.17/turn              (no ring)
MPRegen  0.10/turn              (no ring)

@: no status effects
A: retaliatory headbutt, horns 2
a: Depart the Abyss, Bend Space, Renounce Religion


You were on level 4 of the Dungeon.
You worshipped Lugonu.
Lugonu was pleased with you.
You were not hungry.

You visited 1 branch of the dungeon, and saw 4 of its levels.
You visited the Abyss 1 time.

You collected 248 gold pieces.

Inventory:

Hand Weapons
 a - a +2 mace
 o - a cursed -3 hunting sling (weapon)
   (You found it on level 3 of the Dungeon)
Missiles
 g - a stone (quivered)
Armour
 b - a +0 leather armour (worn)
 f - a +2 pair of boots (worn)
   (You found it on level 1 of the Dungeon)
 j - a +0 plate armour
   (You found it on level 1 of the Dungeon)
 l - a +1 buckler (worn)
   (You found it on level 3 of the Dungeon)
Jewellery
 i - an uncursed ring of ice {unknown}
   (You found it on level 3 of the Dungeon)
 m - an uncursed amulet of faith {unknown}
   (You found it on level 3 of the Dungeon)
Wands
 u - a wand of paralysis (7)
   (You took it off Ijyb on level 3 of the Dungeon)
Scrolls
 k - a scroll of teleportation {@r4}
Potions
 d - a potion of brilliance
 h - a potion of heal wounds {unknown}


   Skills:
 - Level 3.6 Fighting
 - Level 7.3 Maces & Flails
 - Level 2.4 Armour
 - Level 1.1 Dodging
 + Level 2.7 Shields
 - Level 1.7 Invocations


You had 5 spell levels left.
You didn't know any spells.

Dungeon Overview and Level Annotations

Branches:
Dungeon (4/15)
 Temple: D:4-7

Altars:
The Shining One

Annotations:
D:4 Eustachio


Innate Abilities, Weirdness & Mutations

You reflexively headbutt those who attack you in melee.
You have a pair of horns on your head.


Message History

You start resting.
You start resting.
You are feeling hungry.
g - 4 stones
There is an open door here.
You start resting.
You eat the ration.
That ration really hit the spot!
Eustachio shouts!
There is an open door here.
Aim: Eustachio, wielding a rapier of speed and wearing a runed leather armour You shoot a stone.
The stone barely misses Eustachio.
Okay, then.
Okay, then.
Aim: Eustachio, wielding a rapier of speed and wearing a runed leather armour (chance to defeat MR: 46%) Eustachio resists with almost no effort.
Eustachio gestures wildly while chanting.
Eustachio blinks!
Aim: Eustachio, wielding a rapier of speed and wearing a runed leather armour (chance to defeat MR: 46%) Eustachio resists with almost no effort.
Aim: Eustachio, wielding a rapier of speed and wearing a runed leather armour (chance to defeat MR: 46%) Eustachio suddenly stops moving!
Aim: Eustachio, wielding a rapier of speed and wearing a runed leather armour (paralysed)
You shoot a stone.
The stone hits Eustachio but does no damage.
Aim: Eustachio, wielding a rapier of speed and wearing a runed leather armour (paralysed)
You shoot a stone.
The stone hits Eustachio but does no damage.
Aim: Eustachio, wielding a rapier of speed and wearing a runed leather armour (paralysed)
You shoot a stone. The stone hits Eustachio.
The helpless Eustachio fails to defend himself.
You clumsily bash Eustachio.
The helpless Eustachio fails to defend himself.
You clumsily bash Eustachio but do no damage.
The helpless Eustachio fails to defend himself.
You clumsily bash Eustachio but do no damage.
The helpless Eustachio fails to defend himself.
You clumsily bash Eustachio.
Eustachio is no longer paralysed.
Eustachio hits you with a rapier of speed.
Eustachio casts a spell.
Eustachio blinks!
You see here 3 stones.
g - 3 stones
Aim: Eustachio, wielding a rapier of speed and wearing a runed leather armour (lightly wounded)
You shoot a stone. The stone misses Eustachio.
Aim: Eustachio, wielding a rapier of speed and wearing a runed leather armour (lightly wounded)
You shoot a stone. The stone closely misses Eustachio.
Eustachio casts a spell.
Eustachio blinks!
Really target yourself?
Okay, then.

# ###_### #.
..... #.. #♣...♣#
#.. #.....#
###..### ♣...♣
##......####'####
...........(....#
##..............#
#..........@...#
#...(........###
#............#
#............#
#...(.<......#
#...(........#
##############


There were no monsters in sight!

Vanquished Creatures
  A sky beast (D:2)
  A scorpion (D:4)
  Ijyb (D:3)
  5 adders
  A worm (D:3)
  3 dart slugs
  5 leopard geckos
  5 orcs (D:3)
  5 giant cockroaches
  9 hobgoblins
  4 jackals (D:1)
  3 quokkas (D:3)
  A ball python (D:4)
  12 bats
  8 frilled lizards
  8 goblins
  11 kobolds
  7 rats
90 creatures vanquished.

Notes
Turn   | Place    | Note
-------+----------+-------------------------------------------
     0 | Abyss:1  | 8fpsbossfight the Minotaur Abyssal Knight began the quest for the Orb.
     0 | Abyss:1  | Reached XP level 1. HP: 19/19 MP: 1/1
     0 | D:1      | Escaped the Abyss
   148 | D:1      | Reached skill level 3 in Maces & Flails
   149 | D:1      | Reached * piety under Lugonu
   268 | D:1      | Reached XP level 2. HP: 26/26 MP: 2/2
   497 | D:1      | Reached skill level 4 in Maces & Flails
   598 | D:1      | Reached XP level 3. HP: 30/31 MP: 3/3
   896 | D:2      | Reached ** piety under Lugonu
  1082 | D:2      | Reached skill level 5 in Maces & Flails
  1112 | D:2      | Reached XP level 4. HP: 39/39 MP: 4/4
  1202 | D:2      | Noticed a sky beast
  1242 | D:2      | Killed a sky beast
  1242 | D:2      | Reached skill level 6 in Maces & Flails
  1242 | D:2      | Reached XP level 5. HP: 11/45 MP: 5/5
  1974 | D:3      | Reached skill level 7 in Maces & Flails
  2395 | D:3      | Noticed Ijyb
  2398 | D:3      | Paralysed by Ijyb for 6 turns
  2413 | D:3      | Killed Ijyb
  2413 | D:3      | Reached skill level 1 in Shields
  3026 | D:4      | Noticed Eustachio
  3136 | D:4      | Reached XP level 6. HP: 48/51 MP: 6/6
  3174 | D:4      | Found a glowing golden altar of the Shining One.
  3418 | D:4      | Quit the game

Skill      XL: |  1  2  3  4  5  6 |
---------------+-------------------+-----
Maces & Flails | 3 4 5 6 7 |  7.3
Shields        | 1 2 |  2.7
Fighting       | |  3.6
Armour         | |  2.4
Dodging        | |  1.1
Invocations    | |  1.7

Action                   |  1- 3 |  4- 6 || total
-------------------------+-------+-------++-------
Melee: Mace              |    85 |    91 ||   176
       Headbutt          |     7 |    14 ||    21
       Hunting sling     |       |    14 ||    14
 Fire: Hunting sling     |       |    47 ||    47
Invok: Depart the Abyss  |     1 |       ||     1
Evoke: Wand              |       |     3 ||     3
  Use: Scroll            |       |     7 ||     7
 Stab: Paralysed         |       |     4 ||     4
  Eat: Chunk             |     1 |     3 ||     4
       Ration            |       |     2 ||     2
Armor: Leather armour    |    39 |    55 ||    94
Dodge: Dodged            |    55 |    75 ||   130
Block: Buckler           |       |    11 ||    11
